 Dungeon Crawl Stone Soup version 0.28-a0-657-g71136c5590 (webtiles) character file.

Game seed: 13751839347470459710

2993 zazu2006 the Magician (level 9, -3/76 HPs)
             Began as a Naga Hedge Wizard on Oct 13, 2021.
             Was an Initiate of Vehumet.
             Slain by a killer bee zombie (6 damage)
             ... on level 8 of the Dungeon.
             The game lasted 00:19:42 (9490 turns).

zazu2006 the Magician (Naga Hedge Wizard)           Turns: 9490, Time: 00:19:43

Health: -3/76      AC:  6    Str: 14    XL:     9   Next: 83%
Magic:  9/19       EV: 10    Int: 17    God:    Vehumet [......]
Gold:   305        SH:  0    Dex: 10    Spells: 12/21 levels left

rFire   . . .      SeeInvis +   L - +1 great sword (venom)
rCold   . . .      Faith    .   (shield currently unavailable)
rNeg    + . .      Spirit   .   f - +2 leather armour {rN+}
rPois   +          Reflect  .   c - +0 hat
rElec   .          Harm     .   (no cloak)
rCorr   .          Rampage  .   (no gloves)
Will    ++...                   (no barding)
Stlth   +++.......              h - amulet of the acrobat
HPRegen 0.22/turn               p - ring of willpower
MPRegen 0.16/turn               w - ring of wizardry

@: invisible, very slow
A: AC +3, large, see invisible, deformed body, poison resistance, slowness 2,
spit poison 1, naga tail 1
a: Spit Poison, Renounce Religion


You were on level 8 of the Dungeon.
You worshipped Vehumet.
Vehumet was noncommittal.
You visited 2 branches of the dungeon, and saw 9 of its levels.

You collected 319 gold pieces.
You spent 14 gold pieces at shops.

Inventory:

Hand Weapons
 G - a +5 shortbow of freezing
 K - a +0 long sword
 L - a +1 great sword of venom (weapon)
Missiles
 g - 23 poisoned darts
 H - 59 arrows
Armour
 c - a +0 hat (worn)
 f - a +2 leather armour of positive energy (worn)
 o - a +0 pair of gloves
Jewellery
 h - an amulet of the acrobat (around neck)
 l - a ring of ice
 p - a ring of willpower (left hand)
 w - a ring of wizardry (right hand)
 E - a ring of protection from cold
 I - a ring of fire
Wands
 t - a wand of charming (5)
 y - a wand of iceblast (20)
 F - a wand of flame (1)
 M - a wand of mindburst (16)
Scrolls
 b - 5 scrolls of identify {unknown}
 d - 7 scrolls of teleportation {unknown}
 j - a scroll of immolation {unknown}
 k - a scroll of acquirement {unknown}
 q - a scroll of holy word {unknown}
 r - 2 scrolls of enchant armour {unknown}
 v - 3 scrolls of noise
 x - a scroll of fog {unknown}
 C - a scroll of magic mapping {unknown}
 D - a scroll of enchant weapon {unknown}
 J - a scroll of vulnerability {unknown}
Potions
 a - a potion of ambrosia {unknown}
 e - 2 potions of flight {unknown}
 i - a potion of curing {unknown}
 m - 2 potions of haste {unknown}
 n - a potion of heal wounds {unknown}
 s - a potion of lignification {unknown}
 u - 2 potions of invisibility
 z - a potion of resistance {unknown}
 A - a potion of magic {unknown}
 B - a potion of attraction {unknown}


   Skills:
 + Level 3.3 Fighting
 + Level 3.4 Long Blades
 + Level 3.0 Armour
 + Level 3.4 Dodging
 + Level 6.1 Stealth
 + Level 6.8 Spellcasting
 + Level 4.9 Conjurations
 + Level 1.0 Summonings
 + Level 3.2 Translocations
 + Level 1.1 Fire Magic
 + Level 1.8 Air Magic
 - Level 5.0 Poison Magic
 + Level 2.0 Evocations


You had 12 spell levels left.
You knew the following spells:

 Your Spells              Type           Power      Damage    Failure   Level
a - Magic Dart            Conj           88%        1d7       1%          1
b - Mephitic Cloud        Conj/Pois/Air  19%        N/A       3%          3
c - Conjure Flame         Conj/Fire      16%        6-21      4%          3
d - Blink                 Tloc           N/A        N/A       2%          2

Your spell library contained the following spells:

 Spells                   Type           Power      Damage    Failure   Level
 Apportation              Tloc           32%        N/A       1%          1
 Sting                    Tmut/Pois      56%        1d5       2%          1
 Poisonous Vapours        Pois/Air       34%        N/A       2%          2
 Summon Small Mammal      Summ           36%        N/A       4%          1
 Gell's Gravitas          Tloc           8%         N/A       4%          3
 Lesser Beckoning         Tloc           16%        N/A       4%          3
 Teleport Other           Tloc           16%        N/A       4%          3
 Animate Skeleton         Necr           10%        N/A       6%          1
 Call Imp                 Summ           9%         N/A       6%          2
 Olgreb's Toxic Radiance  Pois           22%        N/A       8%          4
 Ensorcelled Hibernation  Hex/Ice        10%        N/A       9%          2
 Slow                     Hex            5%         N/A       9%          2
 Confusing Touch          Hex            5%         N/A       17%         3
 Tukima's Dance           Hex            5%         N/A       17%         3
 Silence                  Hex/Air        4%         N/A       69%         5


Dungeon Overview and Level Annotations

Branches:
Dungeon (8/15)             Temple (1/1) D:7
   Lair: D:8-11

Altars:
Ashenzari
Cheibriados
Dithmenos
Elyvilon
Fedhas
Gozag
Kikubaaqudgha
Makhleb
Nemelex Xobeh
Okawaru
Ru
Sif Muna
Trog
Uskayaw
Vehumet
Wu Jian
Xom
Yredelemnul
Zin

Shops:
D:1 (   D:7 ?*

Annotations:
D:3 2 transporters


Innate Abilities, Weirdness & Mutations

Your serpentine skin is tough. (AC +3)
You have supernaturally acute eyesight. (SInv)
Armour fits poorly on your strangely shaped body.
Your system is resistant to poisons. (rPois)
You cover ground very slowly.
You can spit poison.
You have a snake-like lower body.


Message History

The orc shouts!
You hear a shout!
The killer bee zombie completely misses you.
You hear a shout!
The fire ignites!
You miss the killer bee zombie.
You hear a shout!
The killer bee zombie hits you.
The killer bee zombie completely misses you.
The yak is engulfed in blazing flames.
The yak gores you!
* * * LOW HITPOINT WARNING * * *
The killer bee zombie completely misses you.
The orc wizard shouts!
You hit the yak.
The yak is almost dead.
You hear an angry hiss.
You kill the yak!
Vehumet accepts your kill.
The killer bee zombie barely misses you.
The killer bee zombie hits you but does no damage.
The killer bee zombie hits you.
* * * LOW HITPOINT WARNING * * *
Casting: Conjure Flame (dangerous; 4% risk of failure)
Confirm with . or Enter, or press ? or * to list all spells.
You blink.
Unknown command.
Casting: Blink (safe; 2% risk of failure)
Confirm with . or Enter, or press ? or * to list all spells.
The fire begins to smoulder!
The killer bee zombie barely misses you.
The killer bee zombie smothers the flame.
You barely miss the killer bee zombie. The killer bee zombie hits you.
* * * LOW HITPOINT WARNING * * *
The killer bee zombie hits you.
* * * LOW HITPOINT WARNING * * *
It was a potion of invisibility.
You fade into invisibility!
The killer bee zombie hits you.
* * * LOW HITPOINT WARNING * * *
The killer bee zombie hits you.
You die...

#.....>†....# #.#
<......###..####o#
#.###..# #.....§.#
#.# #..# #.#####.#
#.# #..... #!# #.#
#.#.#. #.# #..
...###.#####.# #.#
#.# #.....Z# #.#
#.#####@#
........#
#########


You could see an orc wizard and a killer bee zombie.

Vanquished Creatures
  Pikel (D:7)
  Joseph (D:7)
  2 yaks (D:8)
  Menkaure (D:7)
  A water moccasin (D:7)
  A hornet zombie (D:7)
  Duvessa (D:7)
  An orc warrior (D:7)
  An ice beast (D:7)
  An ogre (D:6)
  2 necrophages
  3 centaurs
  A bullfrog (D:7)
  Dowan (D:7)
  A wight (D:7)
  A bullfrog zombie (D:6)
  2 hounds (D:4)
  A jelly (D:6)
  2 centaur zombies
  3 orc priests
  3 centaur skeletons
  2 orc wizards (D:4)
  A killer bee zombie (D:7)
  2 howler monkey skeletons
  7 adders
  A white imp (D:5)
  An adder skeleton (D:4)
  A worm (D:5)
  A dart slug (D:2)
  20 orcs
  7 endoplasms
  3 giant cockroaches
  5 goblins
  7 hobgoblins
  4 jackals
  12 kobolds
  4 quokkas
  5 ball pythons
  6 bats
  4 frilled lizards
  4 rats
128 creatures vanquished.

Vanquished Creatures (collateral kills)
  An ogre (D:7)
  An orc (D:5)
2 creatures vanquished.

Vanquished Creatures (others)
  An orc warrior (D:7)
  A jelly (D:5)
2 creatures vanquished.

Grand Total: 132 creatures vanquished

Notes
Turn   | Place    | Note
-------+----------+-------------------------------------------
     0 | D:1      | zazu2006 the Naga Hedge Wizard began the quest for the Orb.
     0 | D:1      | Reached XP level 1. HP: 15/15 MP: 4/4
   144 | D:1      | Reached XP level 2. HP: 22/22 MP: 1/6
   193 | D:1      | Found Raloi's Weapon Boutique.
   221 | D:1      | Found a faded altar of an unknown god.
  1303 | D:2      | Reached XP level 3. HP: 28/28 MP: 5/8
  1307 | D:2      | Learned a level 3 spell: Mephitic Cloud
  1311 | D:2      | Learned a level 3 spell: Conjure Flame
  1314 | D:2      | Learned a level 2 spell: Blink
  2073 | D:2      | Reached XP level 4. HP: 36/36 MP: 1/10
  2683 | D:3      | Found a white marble altar of Elyvilon.
  2735 | D:3      | Found an ornate altar of the Wu Jian Council.
  2838 | D:3      | Noticed a small abomination
  2985 | D:3      | Found a sacrificial altar of Ru.
  3121 | D:3      | Found a shimmering blue altar of Sif Muna.
  3233 | D:3      | Found a transporter.
  3239 | D:3      | Found a transporter.
  3347 | D:4      | Found a bloodstained altar of Trog.
  3462 | D:4      | Got Kiagaq's Guide on Venom and Execration
  3588 | D:4      | Reached XP level 5. HP: 29/42 MP: 4/11
  3695 | D:4      | Reached skill level 1 in Armour
  3885 | D:4      | Reached skill level 1 in Poison Magic
  4023 | D:4      | Reached XP level 6. HP: 44/49 MP: 6/12
  4146 | D:5      | Entered Level 5 of the Dungeon
  5200 | D:5      | Noticed a necrophage
  5415 | D:5      | Killed a necrophage
  5416 | D:5      | Reached skill level 1 in Fighting
  5416 | D:5      | Reached XP level 7. HP: 34/57 MP: 1/14
  5640 | D:6      | Reached skill level 5 in Spellcasting
  6601 | D:7      | Found an iron altar of Okawaru.
  6601 | D:7      | Noticed Menkaure
  7114 | D:7      | Killed Menkaure
  7115 | D:7      | Reached XP level 8. HP: 37/64 MP: 13/16
  7285 | D:7      | Noticed Joseph
  7311 | D:7      | Noticed Dowan
  7314 | D:7      | Noticed Duvessa
  7325 | D:7      | Killed Duvessa
  7370 | D:7      | Reached skill level 1 in Air Magic
  7370 | D:7      | Reached skill level 1 in Evocations
  7374 | D:7      | Reached skill level 5 in Poison Magic
  7502 | D:7      | Reached skill level 5 in Stealth
  7804 | D:7      | Killed Dowan
  7863 | D:7      | Found Kaptil's Assorted Antiques.
  8090 | D:7      | Reached XP level 9. HP: 71/74 MP: 13/18
  8139 | D:7      | Found Ederch's Magic Scroll Emporium.
  8145 | D:7      | Bought a scroll of noise for 14 gold pieces
  8170 | D:7      | Found a staircase to the Ecumenical Temple.
  8190 | D:7      | Noticed Pikel
  8202 | D:7      | Killed Pikel
  8203 | D:7      | Reached skill level 1 in Long Blades
  8217 | Temple   | Entered the Ecumenical Temple
  8320 | Temple   | Became a worshipper of Vehumet
  8479 | D:7      | Killed Joseph
  8699 | D:7      | Found a sparkling altar of Nemelex Xobeh.
  8794 | D:7      | Found a broken altar of Ashenzari.
  9440 | D:8      | Found an opulent altar of Gozag.
  9473 | D:8      | Reached skill level 1 in Fire Magic
  9490 | D:8      | HP: 3/76 [killer bee zombie (2)]
  9490 | D:8      | Slain by a killer bee zombie

Illustrated notes

Levels and vault maps discovered:
D:1:      dpeg_arrival_signposts, layout_basic, ebering_ecumenical_altar_webs,
          serial_shops, shop, st_stairs_5, minmay_misc_feat_plants
D:2:      layout_basic
D:3:      layout_basic, nicolae_wu_jian_wuxing_cycle,
          mainiacjoe_overflow_catwalk, mainiacjoe_overflow_six_doors_small,
          mainiacjoe_overflow_cross_hatched, gammafunk_ghost_abyssal_escape,
          minmay_checkerbox
D:4:      layout_rooms, kennysheep_little_box, minmay_pentomino_pile
D:5:      layout_rooms
D:6:      layout_basic
D:7:      layout_loops_ring, nicolae_ashenzari_skybound, okawaru_gym_becter,
          nemelex_spade_bored_becter, minmay_temple_entry_large_hall,
          serial_shops, shop, st_stairs_5, kennysheep_small_circle, uniq_joseph,
          uniq_pikel, uniq_menkaure, uniq_duvessa
D:8:      layout_loops_ring, grunt_gozag_breadcrumbs,
          nicolae_hepliaklqana_ecumenical_no_more, lair_entry_dummy
Temple:   eino_temple_lava

Skill      XL: |  1  2  3  4  5  6  7  8  9 |
---------------+----------------------------+-----
Spellcasting   | 4 5 6 |  6.8
Conjurations   | 2 3 4 |  4.9
Armour         | 1 2 3 |  3.0
Poison Magic   | 1 3 4 5 |  5.0
Fighting       | 1 2 3 |  3.3
Dodging        | 2 3 |  3.4
Stealth        | 4 5 6 |  6.1
Air Magic      | 1 |  1.8
Evocations     | 1 2 |  2.0
Translocations | 2 3 |  3.2
Long Blades    | 3 |  3.4
Fire Magic     | 1 |  1.1
Summonings     | |  1.0

Action                   |  1- 3 |  4- 6 |  7- 9 || total
-------------------------+-------+-------+-------++-------
Melee: Dagger            |    10 |   115 |    79 ||   204
       Long sword        |       |       |     6 ||     6
       Great sword       |       |       |    49 ||    49
 Cast: Magic Dart        |    95 |   137 |    74 ||   306
       Mephitic Cloud    |       |     6 |    16 ||    22
       Blink             |       |     6 |    21 ||    27
       Conjure Flame     |       |     3 |    15 ||    18
 Abil: Spit Poison       |     9 |    16 |    10 ||    35
Evoke: Wand              |       |     2 |    13 ||    15
  Use: Potion            |       |       |     1 ||     1
 Stab: Confused          |       |     7 |     9 ||    16
       Sleeping          |       |     2 |       ||     2
Armor: Robe              |     2 |       |       ||     2
       Leather armour    |    13 |    79 |    79 ||   171
Dodge: Dodged            |    18 |   100 |   135 ||   253

Table legend: (Time is in decaauts)
 A = Elapsed time spent in this place.
 B = Non-inter-level travel time spent in this place.
 C = Inter-level travel time spent in this place.
 D = Time resting spent in this place.
 E = Time spent auto-exploring this place.
 F = Levels seen in this place.
 G = Mean time per level.
                   A        B        C        D        E       F      G
               +--------+--------+--------+--------+--------+-----+--------+
         Total |  11218 |  10973 |    245 |    665 |   8507 |   9 | 1246.4 |
       Dungeon |  11083 |  10851 |    232 |    665 |   8413 |   8 | 1385.4 |
        Temple |    134 |    121 |     13 |      0 |     94 |   1 |  134.0 |
               +--------+--------+--------+--------+--------+-----+--------+

Top non-repeatable levels by time:
     D:7: 2783 daAuts
     D:2: 1651 daAuts
     D:6: 1613 daAuts
     D:5: 1603 daAuts
     D:1: 1383 daAuts
     D:4: 1061 daAuts
     D:3: 905 daAuts
  Temple: 134 daAuts
     D:8: 80 daAuts
